[ AOE2 MATCH · #506929275 ]
UnrankedCelts vs Burgundians
Player's team · LOSS
[ REPLAY ANALYSIS · EXTRACTED FROM THE RECORDED GAME ]
Feudal
8:50
Castle
20:09
Imperial
—
| APM avg | 59.1 |
| APM peak | 104 |
| eAPM avg | 34.6 |
| Villagers / military | 145 / 101 |
Focus
⚔️ 49.9% · 🌾 50.1%
Archer ×61 · Mangonel ×31 · Militia ×4 · Woad Raider ×4 · Cavalry Archer ×1
Feudal
11:37
Castle
21:26
Imperial
—
| APM avg | 75.8 |
| APM peak | 102 |
| eAPM avg | 25.4 |
| Villagers / military | 100 / 80 |
Focus
⚔️ 44.6% · 🌾 55.4%
Archer ×51 · Militia ×11 · Mangonel ×10 · Knight ×6 · Battering Ram ×2
Match map
Initial resources + every placement click. Lines = walls · curves = elevation contours. ◆ gold · ⬟ stone · ● berries · ✦ relic · ◌ wall gap
Your base· Open — 5t gap
Macluffy's base· ✓ Closed at 21:26 · 40t walls · 1 gate(s)
Smoothed initial terrain · ◌ = detected wall gap · hover for details
Inputs per minute
— wR.Monoz - - Macluffy
Build order — wR.Monoz
First 150 of 325 actions detected
| 0:00 | Queue | Villager (Male) |
| 0:00 | Queue | Villager (Male) |
| 0:01 | Queue | Villager (Male) |
| 0:02 | Build | House |
| 0:02 | Build | House |
| 0:07 | Queue | Villager (Male) |
| 0:07 | Queue | Villager (Male) |
| 1:24 | Queue | Villager (Male) |
| 1:24 | Queue | Villager (Male) |
| 1:59 | Queue | Villager (Male) |
| 1:59 | Queue | Villager (Male) |
| 2:19 | Build | Lumber Camp |
| 2:19 | Queue | Villager (Male) |
| 2:30 | Queue | Villager (Male) |
| 2:31 | Queue | Villager (Male) |
| 3:01 | Queue | Villager (Male) |
| 3:23 | Build | House |
| 3:31 | Queue | Villager (Male) |
| 3:32 | Queue | Villager (Male) |
| 3:32 | Queue | Villager (Male) |
| 4:31 | Queue | Villager (Male) |
| 4:48 | Queue | Villager (Male) |
| 5:09 | Build | Barracks |
| 5:13 | Queue | Villager (Male) |
| 5:38 | Build | House |
| 5:42 | Queue | Villager (Male) |
| 6:09 | Research | Loom |
| 6:36 | Research | Feudal Age |
| 6:36 | Research | Feudal Age |
| 6:44 | Build | Mining Camp |
| 6:59 | Build | Palisade Wall |
| 6:59 | Build | Palisade Wall |
| 7:02 | Build | Palisade Wall |
| 7:11 | Build | Palisade Wall |
| 7:30 | Build | House |
| 7:40 | Build | House |
| 7:41 | Build | Palisade Gate |
| 7:43 | Build | Palisade Wall |
| 7:48 | Build | Palisade Wall |
| 7:55 | Queue | Militia |
| 7:55 | Queue | Militia |
| 8:09 | Queue | Militia |
| 8:37 | Queue | Villager (Male) |
| 8:50 | Age | Feudal Age |
| 9:05 | Queue | Villager (Male) |
| 9:16 | Build | Mill |
| 9:21 | Research | Double-Bit Axe |
| 9:22 | Research | Double-Bit Axe |
| 9:25 | Queue | Villager (Male) |
| 9:39 | Queue | Militia |
| 9:51 | Build | House |
| 9:52 | Queue | Villager (Male) |
| 9:56 | Build | Palisade Wall |
| 10:03 | Build | Palisade Wall |
| 10:17 | Queue | Villager (Male) |
| 10:27 | Queue | Villager (Male) |
| 10:28 | Queue | Villager (Male) |
| 10:38 | Queue | Villager (Male) |
| 10:39 | Build | Palisade Wall |
| 10:40 | Build | Palisade Wall |
| 10:44 | Build | Farm |
| 10:45 | Build | Farm |
| 10:49 | Build | Farm |
| 10:49 | Build | Farm |
| 10:52 | Build | Farm |
| 10:55 | Queue | Villager (Male) |
| 10:56 | Queue | Villager (Male) |
| 10:56 | Queue | Villager (Male) |
| 10:56 | Queue | Villager (Male) |
| 11:00 | Build | Palisade Wall |
| 11:05 | Build | Palisade Wall |
| 11:09 | Build | Palisade Wall |
| 11:14 | Queue | Villager (Male) |
| 11:22 | Build | Palisade Wall |
| 11:33 | Build | Palisade Wall |
| 11:35 | Build | House |
| 11:46 | Build | Palisade Wall |
| 11:48 | Build | Farm |
| 11:59 | Build | Farm |
| 12:06 | Build | Farm |
| 12:07 | Queue | Villager (Male) |
| 12:15 | Build | Farm |
| 12:16 | Build | Farm |
| 12:17 | Queue | Villager (Male) |
| 12:47 | Build | House |
| 13:06 | Build | Archery Range |
| 13:31 | Queue | Villager (Male) |
| 13:49 | Queue | Archer |
| 14:08 | Build | Archery Range |
| 14:11 | Build | Archery Range |
| 14:24 | Queue | Archer |
| 14:28 | Build | Farm |
| 14:46 | Build | House |
| 14:48 | Queue | Villager (Male) |
| 14:55 | Queue | Archer ×4 |
| 15:04 | Build | House |
| 15:09 | Build | House |
| 15:09 | Queue | Archer ×2 |
| 15:10 | Build | Palisade Wall |
| 15:11 | Build | Palisade Wall |
| 15:13 | Queue | Villager (Male) |
| 15:29 | Build | Lumber Camp |
| 15:39 | Build | Blacksmith |
| 15:41 | Build | House |
| 15:55 | Queue | Villager (Male) |
| 16:15 | Research | Fletching |
| 16:17 | Queue | Archer ×4 |
| 16:17 | Queue | Archer ×4 |
| 16:18 | Queue | Villager (Male) |
| 16:19 | Queue | Villager (Male) ×5 |
| 16:19 | Queue | Villager (Male) ×5 |
| 16:20 | Queue | Villager (Male) ×5 |
| 16:50 | Queue | Archer ×2 |
| 16:50 | Queue | Archer |
| 17:12 | Build | Lumber Camp |
| 17:29 | Research | Castle Age |
| 17:29 | Research | Castle Age |
| 17:44 | Build | Mining Camp |
| 17:45 | Queue | Archer |
| 17:45 | Queue | Archer |
| 18:15 | Research | Padded Archer Armor |
| 18:16 | Queue | Archer |
| 18:16 | Queue | Archer |
| 18:21 | Build | Lumber Camp |
| 18:32 | Build | Farm |
| 18:37 | Queue | Archer |
| 19:28 | Queue | Archer ×5 |
| 19:33 | Build | Farm |
| 19:35 | Build | Farm |
| 20:05 | Build | House |
| 20:09 | Age | Castle Age |
| 20:14 | Build | House |
| 20:17 | Research | Bodkin Arrow |
| 20:17 | Research | Bodkin Arrow |
| 20:18 | Queue | Villager (Male) |
| 20:21 | Build | University |
| 20:26 | Queue | Villager (Male) |
| 20:29 | Build | Siege Workshop |
| 20:43 | Build | Palisade Wall |
| 20:48 | Research | Crossbowman (upgrade) |
| 20:48 | Research | Crossbowman (upgrade) |
| 20:48 | Queue | Archer ×4 |
| 20:56 | Build | Palisade Gate |
| 21:31 | Research | Ballistics |
| 21:32 | Queue | Archer |
| 21:32 | Queue | Archer |
| 21:35 | Queue | Archer |
| 21:36 | Queue | Archer |
| 21:36 | Queue | Villager (Male) |
| 21:37 | Queue | Villager (Male) |
Build order — Macluffy
First 150 of 308 actions detected
| 0:01 | Queue | Villager (Male) |
| 0:02 | Build | House |
| 0:03 | Build | House |
| 0:07 | Queue | Villager (Male) |
| 0:09 | Queue | Villager (Male) |
| 0:15 | Queue | Villager (Male) |
| 1:28 | Queue | Villager (Male) |
| 1:44 | Build | Lumber Camp |
| 1:50 | Queue | Villager (Male) |
| 2:25 | Queue | Villager (Male) |
| 2:31 | Queue | Villager (Male) |
| 3:00 | Queue | Villager (Male) |
| 3:31 | Queue | Villager (Male) |
| 3:31 | Queue | Villager (Male) |
| 3:51 | Build | House |
| 4:01 | Queue | Villager (Male) |
| 4:29 | Queue | Villager (Male) |
| 4:31 | Build | Barracks |
| 4:51 | Queue | Villager (Male) |
| 5:00 | Build | House |
| 5:02 | Queue | Villager (Male) |
| 5:23 | Queue | Militia |
| 5:34 | Queue | Villager (Male) |
| 5:41 | Build | Palisade Wall |
| 5:42 | Build | Palisade Wall |
| 5:42 | Build | Palisade Wall |
| 5:42 | Build | Palisade Wall |
| 5:44 | Build | Palisade Wall |
| 5:46 | Queue | Militia |
| 5:57 | Queue | Villager (Male) |
| 6:00 | Queue | Militia |
| 6:19 | Queue | Villager (Male) |
| 6:26 | Build | House |
| 6:35 | Queue | Villager (Male) |
| 6:40 | Build | Mill |
| 7:26 | Queue | Villager (Male) |
| 7:50 | Queue | Villager (Male) |
| 8:06 | Queue | Militia |
| 8:11 | Build | Mining Camp |
| 8:14 | Build | House |
| 8:25 | Queue | Villager (Male) |
| 8:27 | Queue | Militia |
| 8:37 | Research | Double-Bit Axe |
| 8:57 | Queue | Villager (Male) |
| 9:27 | Research | Feudal Age |
| 9:52 | Queue | Militia |
| 10:02 | Build | Palisade Wall |
| 10:32 | Queue | Villager (Male) |
| 10:40 | Queue | Militia |
| 10:43 | Queue | Militia |
| 10:50 | Build | House |
| 11:01 | Research | Loom |
| 11:21 | Queue | Villager (Male) |
| 11:36 | Research | Horse Collar |
| 11:37 | Age | Feudal Age |
| 11:39 | Build | Farm |
| 11:39 | Build | Farm |
| 11:40 | Build | Farm |
| 11:44 | Build | Archery Range |
| 11:45 | Research | Man-at-Arms (upgrade) |
| 11:45 | Research | Man-at-Arms (upgrade) |
| 11:57 | Build | Farm |
| 11:59 | Build | Farm |
| 11:59 | Queue | Villager (Male) |
| 12:03 | Build | Palisade Wall |
| 12:04 | Build | Palisade Wall |
| 12:07 | Build | Palisade Wall |
| 12:19 | Queue | Villager (Male) |
| 12:29 | Queue | Archer |
| 12:30 | Queue | Villager (Male) |
| 12:33 | Queue | Archer |
| 12:36 | Build | House |
| 12:52 | Queue | Villager (Male) |
| 13:01 | Build | Farm |
| 13:03 | Research | Arson |
| 13:13 | Queue | Villager (Male) |
| 13:17 | Build | Palisade Gate |
| 13:18 | Build | Palisade Wall |
| 13:23 | Queue | Militia |
| 13:26 | Build | Farm |
| 13:31 | Queue | Militia |
| 13:45 | Queue | Villager (Male) |
| 13:47 | Build | Farm |
| 13:50 | Build | Palisade Wall |
| 13:58 | Build | Palisade Wall |
| 14:04 | Queue | Militia |
| 14:13 | Build | Blacksmith |
| 14:14 | Queue | Villager (Male) |
| 14:18 | Build | Farm |
| 14:22 | Queue | Archer |
| 14:22 | Queue | Villager (Male) |
| 14:33 | Queue | Villager (Male) |
| 14:44 | Queue | Villager (Male) |
| 14:46 | Build | Farm |
| 15:01 | Queue | Villager (Male) |
| 15:06 | Research | Fletching |
| 15:07 | Research | Fletching |
| 15:10 | Queue | Villager (Male) |
| 15:21 | Queue | Archer |
| 15:22 | Queue | Villager (Male) |
| 15:23 | Build | Farm |
| 15:24 | Build | Farm |
| 15:38 | Queue | Villager (Male) |
| 15:42 | Build | Farm |
| 15:57 | Build | House |
| 15:58 | Build | House |
| 16:04 | Queue | Archer |
| 16:18 | Queue | Villager (Male) |
| 16:29 | Build | House |
| 16:34 | Queue | Archer |
| 16:35 | Queue | Villager (Male) |
| 17:13 | Queue | Archer |
| 17:17 | Build | Market |
| 17:32 | Queue | Archer |
| 17:46 | Build | Lumber Camp |
| 17:57 | Queue | Archer |
| 18:02 | Build | Farm |
| 18:05 | Queue | Villager (Male) |
| 18:15 | Queue | Villager (Male) |
| 18:27 | Build | Farm |
| 18:46 | Research | Castle Age |
| 19:26 | Queue | Archer |
| 19:30 | Build | Archery Range |
| 19:32 | Queue | Archer |
| 19:34 | Research | Bow Saw |
| 19:46 | Research | Padded Archer Armor |
| 19:47 | Queue | Archer |
| 19:47 | Queue | Archer |
| 19:50 | Research | Gold Mining |
| 20:16 | Queue | Archer |
| 20:17 | Queue | Archer |
| 20:33 | Queue | Archer |
| 20:45 | Queue | Archer |
| 20:46 | Queue | Villager (Male) |
| 21:26 | Age | Castle Age |
| 21:27 | Queue | Archer |
| 21:27 | Queue | Villager (Male) |
| 21:29 | Research | Crossbowman (upgrade) |
| 21:39 | Build | Siege Workshop |
| 21:43 | Research | Bodkin Arrow |
| 21:54 | Build | Town Center |
| 21:59 | Research | Wheelbarrow |
| 22:01 | Queue | Archer |
| 22:15 | Queue | Mangonel |
| 22:27 | Queue | Villager (Male) |
| 22:38 | Queue | Villager (Male) |
| 22:41 | Build | House |
| 22:44 | Build | House |
| 22:54 | Queue | Archer |
| 22:55 | Queue | Villager (Male) |
Match timeline
| 4:31 | Macluffy · first_building Barracks |
| 5:09 | wR.Monoz · first_building Barracks |
| 5:41 | Macluffy · wall_segment Palisade Wall x4 |
| 5:42 | Macluffy · wall_segment Palisade Wall x1 |
| 5:42 | Macluffy · wall_segment Palisade Wall x1 |
| 5:42 | Macluffy · wall_segment Palisade Wall x1 |
| 5:44 | Macluffy · wall_segment Palisade Wall x1 |
| 6:59 | wR.Monoz · wall_segment Palisade Wall x1 |
| 6:59 | wR.Monoz · wall_segment Palisade Wall x1 |
| 7:02 | wR.Monoz · wall_segment Palisade Wall x1 |
| 7:11 | wR.Monoz · wall_segment Palisade Wall x4 |
| 7:43 | wR.Monoz · wall_segment Palisade Wall x1 |
| 7:48 | wR.Monoz · wall_segment Palisade Wall x1 |
| 8:50 | wR.Monoz · age_up feudal |
| 9:56 | wR.Monoz · wall_segment Palisade Wall x11 |
| 10:02 | Macluffy · wall_segment Palisade Wall x5 |
| 10:03 | wR.Monoz · wall_segment Palisade Wall x3 |
| 10:39 | wR.Monoz · wall_segment Palisade Wall x1 |
| 10:40 | wR.Monoz · wall_segment Palisade Wall x1 |
| 11:00 | wR.Monoz · wall_segment Palisade Wall x3 |
| 11:05 | wR.Monoz · wall_segment Palisade Wall x1 |
| 11:09 | wR.Monoz · wall_segment Palisade Wall x1 |
| 11:22 | wR.Monoz · wall_segment Palisade Wall x6 |
| 11:33 | wR.Monoz · wall_segment Palisade Wall x1 |
| 11:37 | Macluffy · age_up feudal |
| 11:44 | Macluffy · first_building Archery Range |
| 11:46 | wR.Monoz · wall_segment Palisade Wall x1 |
| 12:03 | Macluffy · wall_segment Palisade Wall x1 |
| 12:04 | Macluffy · wall_segment Palisade Wall x1 |
| 12:07 | Macluffy · wall_segment Palisade Wall x10 |
| 13:06 | wR.Monoz · first_building Archery Range |
| 13:18 | Macluffy · wall_segment Palisade Wall x1 |
| 13:50 | Macluffy · wall_segment Palisade Wall x1 |
| 13:58 | Macluffy · wall_segment Palisade Wall x13 |
| 15:10 | wR.Monoz · wall_segment Palisade Wall x1 |
| 15:11 | wR.Monoz · wall_segment Palisade Wall x1 |
| 18:30 | Macluffy · first_market_sell 100 wood |
| 18:32 | Macluffy · first_market_buy 100 food |
| 20:09 | wR.Monoz · age_up castle |
| 20:29 | wR.Monoz · first_building Siege Workshop |
| 20:43 | wR.Monoz · wall_segment Palisade Wall x1 |
| 21:26 | Macluffy · age_up castle |
| 21:39 | Macluffy · first_building Siege Workshop |
| 24:33 | Macluffy · wall_segment Palisade Wall x1 |
| 24:34 | Macluffy · wall_segment Palisade Wall x1 |
| 24:35 | Macluffy · wall_segment Palisade Wall x1 |
| 24:35 | Macluffy · wall_segment Palisade Wall x1 |
| 29:47 | wR.Monoz · first_market_sell 100 wood |
| 32:33 | Macluffy · first_building Stable |
| 33:05 | wR.Monoz · first_market_buy 500 stone |
| 33:37 | wR.Monoz · first_building Castle |
| 36:12 | wR.Monoz · resign |
[ AI ANALYSIS · 1 CREDIT ]
What really happened in this match?
Wolo.gg analyzes every decision: build order, eco, micro, common mistakes by bracket. Personalized analysis on WhatsApp or Discord in 30 seconds.
Civ guide
Celts
Perfil
Monoz (wR.Monoz)